Match 46056607
Unlisted

Match 46056607
End
Vickers Machine Gun Team
Construct Section Command Post
Selects Air and Sea Battlegroup
Infantry Section
Infantry Section
Grenade Package
ML 3-inch Mortar Team
Construct Field Infirmary
Construct Platoon Command Post
Selects Commando Section Paradrop
Unlock Bishop Self-propelled Artillery
Commando Section Paradrop
Selects Commando Support Section Paradrop
Bishop Self-propelled Artillery
6-pounder Anti-tank Gun Team
Selects Incendiary Bombing Run
Construct Company Command Post
Selects Supply Surplus
Selects UNKNOWN (223837)
Incendiary Bombing Run
Unlock M3 Grant Medium Tanks
CMP 15cwt Truck
Bishop Self-propelled Artillery
Selects Naval Bombardment
Incendiary Bombing Run
M3 Grant Medium Tank
Commando Support Section Paradrop
Unlock Towed 17-pounder Anti-tank Guns
Incendiary Bombing Run
Commando Support Section Paradrop
[KMLT]Merlin
[KMLT]Karadoc
rkddlf12p
Big Steppa#Stomped
Red
daidaroszoo
0
0

Comments sign in to comment!

No comments posted yet!